 Dungeon Crawl Stone Soup version 0.22-a0-274-gf8199ec (webtiles) character file.

14 tidbits the Insei (level 2, 5/23 HPs)
             Began as a Gnoll Transmuter on Mar 14, 2018.
             Quit the game on level 2 of the Dungeon.
             The game lasted 00:00:39 (49 turns).

tidbits the Insei (Gnoll Transmuter)                  Turns: 49, Time: 00:00:39

Health: 5/23       AC:  2    Str: 12    XL:     2   Next: 45%
Magic:  7/7        EV: 14    Int: 15    God:
Gold:   0          SH:  0    Dex: 15    Spells: 9/10 levels left

rFire    . . .     SeeInvis .     - Unarmed
rCold    . . .     Gourm    .   (no shield)
rNeg     . . .     Faith    .   b - +0 robe
rPois    .         Spirit   .   (no helmet)
rElec    .         Reflect  .   (no cloak)
rCorr    .         Harm     .   (no gloves)
MR       .....                  (no boots)
Stlth    ++........             (no amulet)
HPRegen  0.07/turn              (no ring)
MPRegen  0.10/turn              (no ring)

@: lethally poisoned (5 -> -2), appendage (expiring)
A: distributed training, fangs 1, horns 2, strong nose
a: End Transformation


You were on level 2 of the Dungeon.
You were not hungry.
You had grown temporary horns.
You visited 1 branch of the dungeon, and saw 2 of its levels.

Inventory:

Missiles
 a - 12 arrows
Armour
 b - a +0 robe (worn)
Comestibles
 d - a ration


   Skills:
 + Level 2.5 Fighting
 + Level 0.4 Short Blades
 + Level 0.4 Long Blades
 + Level 0.4 Axes
 + Level 0.4 Maces & Flails
 + Level 0.4 Polearms
 + Level 0.4 Staves
 + Level 0.4 Slings
 + Level 0.4 Bows
 + Level 0.4 Crossbows
 + Level 0.4 Throwing
 + Level 0.4 Armour
 + Level 4.5 Dodging
 + Level 0.4 Stealth
 + Level 0.4 Shields
 + Level 6.5 Unarmed Combat
 + Level 4.9 Spellcasting
 + Level 0.2 Conjurations
 + Level 0.2 Hexes
 + Level 0.2 Charms
 + Level 0.2 Summonings
 + Level 0.2 Necromancy
 + Level 0.2 Translocations
 + Level 3.7 Transmutations
 + Level 0.2 Fire Magic
 + Level 0.2 Ice Magic
 + Level 0.2 Air Magic
 + Level 0.2 Earth Magic
 + Level 0.2 Poison Magic
 + Level 0.5 Invocations
 + Level 0.4 Evocations


You had 9 spell levels left.
You knew the following spells:

 Your Spells              Type           Power        Failure   Level  Hunger
e - Beastly Appendage     Tmut           ##....       3%          1    None


Dungeon Overview and Level Annotations

Branches:
Dungeon (2/15)

Altars:


Innate Abilities, Weirdness & Mutations

Your experience applies equally to all skills.
You have very sharp teeth.
Your uncanny sense of smell can sniff out nearby items.
You have a pair of horns on your head.


Message History

Welcome, tidbits the Gnoll Transmuter.
Will you prevail where others failed? Will you find the Orb of Zot?
Press ? for a list of commands and other information.
Found a staircase leading out of the dungeon.
Found a stone staircase leading down.
There is a stone staircase leading down here.
You open the door.
You climb downwards.
There is a stone staircase leading up here.
Unknown command.
You open the door.
There is an open door here.
You open the door.
There is an open door here.
A rat and a dart slug come into view.
Found 17 gold pieces.
A goblin comes into view.
Casting: Beastly Appendage (safe; 3% risk of failure)
Confirm with . or Enter, or press ? or * to list all spells.
You grow a pair of large bovine horns.
The goblin shouts!
The dart slug launches a dart at you. The slug dart misses you.
You hit the rat.
You kill the rat!
An adder comes into view.
The adder hisses angrily.
You hit the dart slug.
The dart slug is moderately wounded.
The dart slug launches a dart at you. The slug dart misses you.
You hit the goblin.
You kill the goblin!
The dart slug launches a dart at you. The slug dart misses you.
You hit the adder but do no damage. Your headbutt misses the adder.
The adder closely misses you.
You barely miss the adder. Your bite misses the adder. The adder bites you.
You are poisoned.
The adder poisons you!
You punch the adder!
The adder is severely wounded.
You feel sick. The adder barely misses you.
You barely miss the adder.
The adder is severely wounded.
The adder bites you but does no damage. The adder bites you.
* * * LOW HITPOINT WARNING * * *
You are lethally poisoned!
The adder poisons you!
You punch the adder!
You kill the adder!
You have reached level 2!
* * * LOW HITPOINT WARNING * * *
You feel sick. The dart slug launches a dart at you. The slug dart misses you.
* * * LOW HITPOINT WARNING * * *
You feel sick.
You hit the dart slug but do no damage. You headbutt the dart slug.
The dart slug is heavily wounded.
* * * LOW HITPOINT WARNING * * *
You feel sick. The dart slug misses you.
You hit the dart slug.
The dart slug is severely wounded.
* * * LOW HITPOINT WARNING * * *
You feel sick. The dart slug closely misses you.
You hit the dart slug but do no damage.
You bite the dart slug, but do no damage.
The dart slug is severely wounded.
You hit the dart slug.
The dart slug is severely wounded.
* * * LOW HITPOINT WARNING * * *
You feel sick.
The dart slug bites you but does no damage.
You hit the dart slug.
You kill the dart slug!
Your transformation is almost over.
You aren't carrying any potions.
Unknown command.
* * * LOW HITPOINT WARNING * * *
You feel sick.
You see here a dart slug corpse.
* * * LOW HITPOINT WARNING * * *
You feel sick. As you open the door, it creaks loudly!
Found a leather armour.
Are you sure you want to abandon this character and quit the game? (Confirm with "yes".)

.......#.##......#
.......#.####.####
.......#....#.###
............'...#
........#...#.#.#
..............#.#
.........######.#
......†.†.......#
.......@#########
........'.[....
........#######
........#
####$#### #. #.


There were no monsters in sight!

Vanquished Creatures
  An adder (D:2)
  A dart slug (D:2)
  A goblin (D:2)
  A rat (D:2)
4 creatures vanquished.

Notes
Turn   | Place    | Note
-------+----------+-------------------------------------------
     0 | D:1      | tidbits the Gnoll Transmuter began the quest for the Orb.
     0 | D:1      | Reached XP level 1. HP: 17/17 MP: 6/6
    39 | D:2      | Reached XP level 2. HP: 12/23 MP: 7/7
    49 | D:2      | Quit the game

Vault maps used:
D:1:      lemuel_arrival_river_passageway
D:2:      lemuel_crystal_altar, first_ration, minmay_misc_feat_nine_boxes,
          kennysheep_slug_shrine

Action                   || total
-------------------------++-------
Melee: Unarmed           ||    13
       Headbutt          ||     2
       Bite              ||     1
 Cast: Beastly Appendage ||     1
Armor: Robe              ||     2
Dodge: Dodged            ||     8

Table legend:
 A = Spawn XP
 B = Non-spawn XP
 C = Spawn XP percentage of total XP
 D = Spawn monster count
 E = Non-spawn monster count
 F = Spawn count percentage of total count
 G = Total turns spent on level
                    A         B        C        D         E        F      G
               +---------+---------+-------+---------+---------+-------+---------
         Total |       0 |      21 |   0.0 |       0 |       4 |   0.0 |    49
               +---------+---------+-------+---------+---------+-------+---------
           D:2 |       0 |      21 |   0.0 |       0 |       4 |   0.0 |    39
               +---------+---------+-------+---------+---------+-------+---------

Table legend:
 A = Turns spent in this place as a percentage of turns spent in the entire game.
 B = Non-inter-level travel turns spent in this place as a percentage of non-inter-level travel turns spent in the entire game.
 C = Inter-level travel turns spent in this place as a percentage of turns spent in this place.
 D = Turns resting spent in this place as a percentage of non-inter-level travel turns spent in this place.
 E = Turns spent auto-exploring this place as a percentage of non-inter-level travel turns spent in this place.
 F = Non-inter-level travel turns spent in this place divided by the number of levels of this place that you've seen.
                   A       B       C       D       E      F
               +-------+-------+-------+-------+-------+----------------------
         Total | 100.0 | 100.0 |   0.0 |   0.0 |   0.0 |  24.5
       Dungeon | 100.0 | 100.0 |   0.0 |   0.0 |   0.0 |  24.5
               +-------+-------+-------+-------+-------+----------------------

Table legend:
 A = Kills in this place as a percentage of kills in entire the game.
 B = Kills by you in this place as a percentage of kills by you in the entire game.
 C = Kills by friends in this place as a percentage of kills by friends in the entire game.
 D = Other kills in this place as a percentage of other kills in the entire game.
 E = Experience gained in this place as a percentage of experience gained in the entire game.
 F = Experience gained in this place divided by the number of levels of this place that you have seen.
                   A       B       C       D       E      F
               +-------+-------+-------+-------+-------+----------------------
         Total | 100.0 | 100.0 |   N/A |   N/A | 100.0 |  10.5
       Dungeon | 100.0 | 100.0 |   N/A |   N/A | 100.0 |  10.5
               +-------+-------+-------+-------+-------+----------------------

Vault maps used:
D:1:      lemuel_arrival_river_passageway
D:2:      lemuel_crystal_altar, first_ration, minmay_misc_feat_nine_boxes,
          kennysheep_slug_shrine
